 Dungeon Crawl Stone Soup version 0.26.0-18-gc5c842f807 (webtiles) character file.

Game seed: 3880359158178130039

1262 hatsuma the Skirmisher (level 8, -7/83 HPs)
             Began as an Ogre Hedge Wizard on Jan 22, 2021.
             Mangled by an orc warrior
             ... wielding a +0 glaive
              (22 damage)
             ... on level 6 of the Dungeon.
             The game lasted 00:48:06 (8590 turns).

hatsuma the Skirmisher (Ogre Hedge Wizard)          Turns: 8590, Time: 00:48:08

Health: -7/83      AC:  5    Str: 15    XL:     8   Next: 52%
Magic:  12/14      EV: 10    Int: 17    God:
Gold:   286        SH:  0    Dex:  8    Spells: 2/15 levels left

rFire    . . .     SeeInvis .   t - +0 giant spiked club
rCold    . . .     Faith    .   (shield currently unavailable)
rNeg     . . .     Spirit   .   b - +0 robe
rPois    .         Reflect  .   c - +2 hat
rElec    .         Harm     .   (no cloak)
rCorr    .         Rampage  .   (gloves unavailable)
Will     .....                  (boots unavailable)
Stlth    +.........             (no amulet)
HPRegen  0.23/turn              (no ring)
MPRegen  0.14/turn              (no ring)

@: no status effects
A: large, unfitting armour, tough skin 1
a: no special abilities


You were on level 6 of the Dungeon.
You visited 1 branch of the dungeon, and saw 6 of its levels.

You collected 286 gold pieces.

Inventory:

Hand Weapons
 o - a +0 giant club
 t - a +0 giant spiked club (weapon)
Missiles
 m - 26 poisoned darts
 u - 8 boomerangs (quivered)
Armour
 b - a +0 robe (worn)
 c - a +2 hat (worn)
Jewellery
 a - the ring "Guilot" {rElec rC+, unknown}
   (You found it on level 5 of the Dungeon)

   [ring of protection from cold]

   It protects you from cold.
   It insulates you from electricity.
Wands
 n - a wand of iceblast (3)
 w - a wand of paralysis (7)
Scrolls
 e - 3 scrolls of fear
 f - a scroll of magic mapping {unknown}
 k - 4 scrolls of teleportation
 p - a scroll of random uselessness {unknown}
 q - a scroll of blinking {unknown}
 r - 5 scrolls of remove curse {unknown}
 s - 2 scrolls of enchant weapon {unknown}
 v - a scroll of fog {unknown}
Potions
 d - 4 potions of curing
 g - 2 potions of flight {unknown}
 h - a potion of might {unknown}
 i - 2 potions of attraction
 j - a potion of lignification {unknown}
 l - a potion of berserk rage {unknown}
 x - a potion of ambrosia {unknown}
 z - a potion of resistance {unknown}
 A - a potion of magic {unknown}


   Skills:
 - Level 6.2 Fighting
 - Level 3.2 Maces & Flails
 - Level 3.0 Throwing
 - Level 3.1 Dodging
 - Level 1.4 Stealth
 - Level 4.0 Spellcasting
 - Level 3.0 Conjurations
 - Level 2.0 Hexes
 - Level 2.1 Summonings
 - Level 2.0 Translocations
 + Level 2.1 Fire Magic
 - Level 1.1 Evocations


You had 2 spell levels left.
You knew the following spells:

 Your Spells              Type           Power        Failure   Level
a - Magic Dart            Conj           52%          4%          1
b - Call Imp              Summ           10%          10%         2
c - Blink                 Tloc           N/A          10%         2
d - Slow                  Hex            10%          11%         2
e - Conjure Flame         Conj/Fire      12%          16%         3
f - Mephitic Cloud        Conj/Pois/Air  6%           30%         3

Your spell library contained the following spells:

 Spells                   Type           Power        Failure   Level


Dungeon Overview and Level Annotations

Branches:
Dungeon (6/15)
 Temple: D:4-7

Altars:


Innate Abilities, Weirdness & Mutations

You are too large for most types of armour.
You have tough skin. (AC +1)


Message History

You closely miss the orc warrior.
Your crimson imp barely misses the orc warrior. x2
The orc warrior hits you with a +0 glaive!
* * * LOW HITPOINT WARNING * * *
Your magical contamination has completely faded away.
Your crimson imp hits the orc warrior but does no damage.
The orc warrior closely misses you.
There is an open door here.
Your crimson imp blinks!
Casting: Call Imp (safe; 10% risk of failure)
Confirm with . or Enter, or press ? or * to list all spells.
Okay, then.
Casting: Call Imp (safe; 10% risk of failure)
Confirm with . or Enter, or press ? or * to list all spells.
Aiming: Slow (safe; 11% risk of failure)
Press: ? - help, Shift-Dir - straight line, f - orc warrior
Aim: an orc warrior, wielding a +0 glaive and wearing a +0 chain mail (chance to affect: 46%)
The orc warrior resists with some effort.
The orc warrior hits you from afar with a +0 glaive!!
You die...

#.##.....#.....#..#.##.###.#
#.##.....##..#....#.##.###.#
#<.........................#
###....5######.#.#..#.######
#.....'........#..#.##########
#.....####...###..#...(......#
#.(...# #..o# #...#########.#
#.....# #...###...<.......#.#
#.....# #...@.....#######.#.#
#.....# #..#####...######.#.#
#.....# #..#####.#........#.#
#.....# #........#.########.#
#.....####.########..# #.#
#.................#..## #.#
#...)..###.######.#...# #.#
#........#.######.#...# #.#
#........#........#...## #.#


You could see an orc warrior.

Vanquished Creatures
  3 ogres
  A centaur (D:6)
  3 bullfrogs (D:6)
  2 centaur zombies
  2 hounds
  3 jellies
  2 orc wizards (D:5)
  An orc priest (D:4)
  An iguana (D:5)
  A worker ant (D:5)
  Natasha (D:3)
  A hound zombie (D:6)
  A worker ant zombie (D:5)
  5 adders
  A shadow imp (D:5)
  An ufetubus (D:6)
  An ooze (D:2)
  An adder skeleton (D:6)
  3 worms
  3 leopard geckos
  13 orcs
  10 giant cockroaches
  7 goblins
  4 hobgoblins
  2 jackals (D:1)
  17 kobolds
  A ball python (D:3)
  8 bats
  6 frilled lizards
  A quokka skeleton (D:5)
  7 rats
113 creatures vanquished.

Vanquished Creatures (collateral kills)
  A sky beast (D:5)
  A centaur (D:5)
  2 orc wizards
  Natasha (twice) (D:3)
  An adder (D:2)
  An ufetubus (D:6)
  2 worms
  10 orcs
  A goblin (D:1)
  A hobgoblin (D:3)
  A ball python (D:1)
  A frilled lizard (D:4)
  A jackal skeleton (D:4)
  A kobold (D:1)
  A rat (D:2)
27 creatures vanquished.

Vanquished Creatures (others)
  22 plants
22 creatures vanquished.

Grand Total: 162 creatures vanquished

Notes
Turn   | Place    | Note
-------+----------+-------------------------------------------
     0 | D:1      | hatsuma the Ogre Hedge Wizard began the quest for the Orb.
     0 | D:1      | Reached XP level 1. HP: 16/16 MP: 5/5
    26 | D:1      | Reached skill level 1 in Fighting
   458 | D:1      | Reached skill level 2 in Fighting
   458 | D:1      | Reached XP level 2. HP: 27/28 MP: 1/6
   461 | D:1      | Learned a level 2 spell: Call Imp
   464 | D:1      | Learned a level 2 spell: Blink
   467 | D:1      | Learned a level 2 spell: Slow
   539 | D:1      | Reached skill level 1 in Conjurations
   569 | D:1      | Reached skill level 1 in Summonings
   573 | D:1      | Reached skill level 1 in Translocations
   857 | D:1      | Reached skill level 1 in Hexes
  1018 | D:1      | Reached XP level 3. HP: 29/35 MP: 8/8
  1129 | D:1      | Reached skill level 1 in Maces & Flails
  1817 | D:2      | Reached skill level 3 in Fighting
  1817 | D:2      | Reached XP level 4. HP: 26/45 MP: 9/9
  3108 | D:3      | Reached skill level 4 in Fighting
  3376 | D:3      | Noticed Natasha
  3396 | D:3      | Killed Natasha
  3397 | D:3      | Reached XP level 5. HP: 47/54 MP: 1/10
  3540 | D:3      | Noticed Natasha
  3549 | D:3      | Killed Natasha
  4106 | D:3      | Noticed Natasha
  4152 | D:3      | Killed Natasha
  4489 | D:4      | Noticed an ogre
  4500 | D:4      | Killed an ogre
  4501 | D:4      | Reached XP level 6. HP: 62/62 MP: 6/11
  4505 | D:4      | Learned a level 3 spell: Conjure Flame
  4737 | D:4      | Reached skill level 1 in Fire Magic
  5209 | D:4      | Reached skill level 1 in Evocations
  5931 | D:5      | Entered Level 5 of the Dungeon
  6307 | D:5      | Reached XP level 7. HP: 54/70 MP: 7/12
  6770 | D:5      | Reached skill level 5 in Fighting
  7110 | D:5      | Got a clouded jade ring
  7367 | D:5      | Learned a level 3 spell: Mephitic Cloud
  7719 | D:6      | Reached XP level 8. HP: 51/83 MP: 12/14
  7882 | D:6      | Reached skill level 6 in Fighting
  8590 | D:6      | Mangled by an orc warrior

Illustrated notes

Levels and vault maps discovered:
D:1:      amcnicky_arrival_gap_in_the_tavern_cellar, layout_basic,
          lexackson_kobold_supper
D:2:      layout_basic
D:3:      wander_river, layout_basic, uniq_natasha
D:4:      layout_loops_ring, tgw_xom
D:5:      layout_rooms
D:6:      kennysheep_orc_sif_temple, layout_basic,
          minmay_temple_entry_enclosed_plants

Skill      XL: |  1  2  3  4  5  6  7  8 |
---------------+-------------------------+-----
Fighting       | 2 3 4 5 6 |  6.2
Conjurations   | 1 2 3 |  3.0
Summonings     | 1 2 |  2.1
Translocations | 1 2 |  2.0
Hexes          | 1 2 |  2.0
Maces & Flails | 1 2 3 |  3.2
Throwing       | 2 3 |  3.0
Fire Magic     | 2 |  2.1
Evocations     | 1 |  1.1
Dodging        | 2 3 |  3.1
Spellcasting   | 4 |  4.0
Stealth        | |  1.4

Action                   |  1- 3 |  4- 6 |  7- 9 || total
-------------------------+-------+-------+-------++-------
Melee: Dagger            |    40 |       |       ||    40
       Club              |    94 |    94 |       ||   188
       Flail             |       |   110 |       ||   110
       Giant club        |       |    65 |    17 ||    82
       Giant spiked club |       |       |    83 ||    83
Throw: Stone             |     2 |     7 |       ||     9
       Dart              |       |     6 |     3 ||     9
       Boomerang         |       |       |     7 ||     7
 Cast: Magic Dart        |    21 |    35 |     4 ||    60
       Call Imp          |     6 |    33 |    16 ||    55
       Slow              |       |       |     2 ||     2
Evoke: Wand              |       |       |     2 ||     2
  Use: Scroll            |       |     8 |       ||     8
       Potion            |       |     1 |       ||     1
 Stab: Sleeping          |     1 |     2 |       ||     3
Armor: Robe              |    44 |   121 |    44 ||   209
Dodge: Dodged            |    87 |   210 |    78 ||   375
